 Dungeon Crawl Stone Soup version 0.24-a0-581-gc0fa6600bf (webtiles) character file.

Game seed: 15509573768943540555

72269 Kavrick the Basher (level 15, -4/121 HPs)
             Began as a Formicid Fighter on Aug 25, 2019.
             Was the Champion of Okawaru.
             Slain by a harpy (9 damage)
             ... on level 1 of the Shoals.
             The game lasted 00:54:58 (26923 turns).

Kavrick the Basher (Formicid Fighter)              Turns: 26923, Time: 00:54:59

Health: -4/121     AC: 26    Str: 37    XL:     15   Next: 85%
Magic:  20/22      EV: 14    Int:  9    God:    Okawaru [******]
Gold:   1563       SH: 24    Dex: 10    Spells: 14/14 levels left

rFire    + . .     SeeInvis +   Q - +3 great mace (protect)
rCold    . . .     Gourm    .   I - +0 large shield
rNeg     . . .     Faith    .   K - +1 plate armour {MR+}
rPois    .         Spirit   .   (helmet unavailable)
rElec    .         Reflect  .   e - scarf {repulsion}
rCorr    .         Harm     .   k - +2 pair of gloves
MR       ++...                  q - +2 pair of boots {run}
Stlth    ..........             (no amulet)
HPRegen  0.30/turn              D - ring of protection from fire
MPRegen  0.18/turn              R - +6 ring of strength

@: mighty, heroism, finesse, mesmerised, repel missiles, very slow
A: permanent stasis, dig shafts and tunnels, four strong arms, antennae 3,
screaming 1
a: Dig, Shaft Self, Heroism, Finesse, Renounce Religion


You were on level 1 of the Shoals.
You worshipped Okawaru.
Okawaru was exalted by your worship.
You were hungry.

You visited 5 branches of the dungeon, and saw 22 of its levels.
You also visited: Sewer, Ossuary and Ice Cave.

You collected 1788 gold pieces.
You spent 225 gold pieces at shops.

Inventory:

Hand Weapons
 b - a +1 great mace of crushing
 l - a +4 dire flail of holy wrath
 H - a +1 great mace of holy wrath
 Q - a +3 great mace of protection (weapon)
 V - the +1 demon blade of Muijeb {venom, MR+}
   (You found it in an ice cave)

   It poisons the flesh of those it strikes.
   It affects your resistance to hostile enchantments.
Missiles
 c - 8 atropa-tipped darts
 n - 77 poisoned darts
 p - 19 boomerangs
 C - 28 silver javelins (quivered)
 O - 3 datura-tipped darts
 S - 9 boomerangs of dispersal
Armour
 e - a scarf of repulsion (worn)
 k - a +2 pair of gloves (worn)
 q - a +2 pair of boots of running (worn)
 F - a +0 shield of protection
 I - a +0 large shield (worn)
 K - a +1 plate armour of magic resistance (worn)
 L - the +2 cloak of Cycw {+Inv rC- rCorr Int-4}
   (You found it on level 10 of the Dungeon)

   It affects your intelligence (-4).
   It makes you vulnerable to cold.
   It lets you turn invisible.
   It provides partial protection from all sources of acid and corrosion.
 N - +0 pearl dragon scales
Jewellery
 h - a +4 ring of intelligence
 D - a ring of protection from fire (left hand)
 G - an uncursed ring of wizardry
 R - a +6 ring of strength (right hand)
 Z - an uncursed ring of magical power
Wands
 t - a wand of flame (40)
 w - a wand of random effects (40)
Scrolls
 a - 4 scrolls of fog
 j - 4 scrolls of enchant armour
 o - 3 scrolls of fear
 r - 5 scrolls of identify
 s - 5 scrolls of remove curse
 v - 2 scrolls of enchant weapon
 T - a scroll of magic mapping
Potions
 d - a potion of might
 i - 5 potions of curing
 m - 5 potions of agility
 u - 8 potions of flight
 x - 4 potions of mutation
 z - 5 potions of brilliance
 A - a potion of cancellation
 E - 2 potions of invisibility
Comestibles
 f - 29 rations


   Skills:
 + Level 12.2(17.2) Fighting
 * Level 14.9(19.9) Maces & Flails
 - Level 6.0(11.0) Throwing
 + Level 12.2(17.2) Armour
 + Level 5.8(10.8) Dodging
 + Level 13.1(18.1) Shields
 - Level 10.0 Invocations


You had 14 spell levels left.
You didn't know any spells.
Your spell library contained the following spells:

 Spells                   Type           Power        Failure   Level  Hunger
 Animate Skeleton         Necr           N/A          83%         1    ##.....
 Apportation              Tloc           #.....       83%         1    ##.....
 Confusing Touch          Hex            #.....       83%         1    ##.....
 Sandblast                Erth           #.....       83%         1    ##.....
 Summon Small Mammal      Summ           #...         83%         1    ##.....
 Call Imp                 Summ           #.......     92%         2    ###....
 Passwall                 Tmut/Erth      #.......     92%         2    ###....
 Call Canine Familiar     Summ           #.......     99%         3    ####...
 Stone Arrow              Conj/Erth      #.....       99%         3    ####...
 Summon Guardian Golem    Hex/Summ       #.......     99%         3    ####...
 Cause Fear               Hex            #.........   100%        4    #####..
 Petrify                  Tmut/Erth      #.......     100%        4    #####..
 Summon Ice Beast         Ice/Summ       #.......     100%        4    #####..
 Summon Lightning Spire   Summ/Air       #.......     100%        4    #####..
 Lee's Rapid Deconstruct  Erth           #.........   100%        5    ######.
 Silence                  Hex/Air        #.........   100%        5    ######.
 Yara's Violent Unravell  Hex/Tmut       #.........   100%        5    ######.
 Deflect Missiles         Chrm/Air       #.........   100%        6    #######
 Discord                  Hex            #.........   100%        8    #######


Dungeon Overview and Level Annotations

Branches:
Dungeon (12/15)            Temple (1/1) D:5            Lair (6/6) D:10
 Shoals (1/4) Lair:2        Snake (0/4) Lair:3        Slime (0/5) Lair:6
    Orc (2/2) D:10            Elf (0/3) Orc:2         Sewer (visited)
Ossuary (visited)           IceCv (visited)

Altars:
Ashenzari
Cheibriados
Dithmenos
Elyvilon
Fedhas
Gozag
Hepliaklqana
Kikubaaqudgha
Makhleb
Nemelex Xobeh
Okawaru
Qazlal
Ru
Sif Muna
Trog
Uskayaw
Vehumet
Wu Jian
Xom
Yredelemnul
Zin
The Shining One
Beogh

Shops:
D:9 *   Orc:2 [%:*

Portals:
Pandemonium: Orc:2

Annotations:
Shoals:1 2 runed translucent doors, 2 transporters


Innate Abilities, Weirdness & Mutations

You cannot be hasted, slowed, berserked, paralysed or teleported.
You can dig through walls and to a lower floor.
Your four strong arms can wield two-handed weapons with a shield.
You have a pair of large antennae on your head. (SInv)
You occasionally shout uncontrollably at your foes.


Message History

The merfolk impaler hits you but does no damage.
The merfolk siren chants its luring song.
The water nymph completely misses you. The merfolk misses you.
You block the merfolk's attack.
The merfolk impaler hits you from afar with a +0 trident!
* * * LOW HITPOINT WARNING * * *
You feel very mighty all of a sudden.
You block the harpy's attack. x2; The sea snake closely misses you.
The merfolk siren chants its luring song.
The merfolk impaler hits you but does no damage.
The water nymph casts a spell at you. The water swirls and strikes you!
* * * LOW HITPOINT WARNING * * *
The merfolk hits you but does no damage.
The sea snake barely misses you. You block the merfolk's attack.
Okay, then.
Your unstable footing causes you to fumble your attack.
The harpy screeches!
You block the harpy's attack. The harpy claws you!
You die...

.......≈....##
©.....##.............
.......#.≈.......≈...
#.....#....)..≈≈≈≈..
.##...{#.......≈≈≈≈≈.
#...©.##.......≈≈≈≈≈≈
....mt#....≈≈≈.≈≈....
#...HC#....mm@..≈....
#.kS#.?≈≈≈S≈H......
#..{m##.≈.mm[.......
..m..{m#..≈m.........
©.....{#≈............
###+####.............
#..............
#..............
#..........?...P


You could see a merfolk impaler, a sea snake, 2 merfolk, a merfolk siren, a
water nymph and a harpy.

Vanquished Creatures
  Gastronok (D:10)
  The ghost of feelmyfire the Warrior, an adept HaGl of Uskayaw (Orc:1)
  An orc warlord (Orc:1)
  A stone giant (D:10)
  A reaper (IceCv)
  The ghost of Cohott the Thaumaturge, a journeyman GnEE of Vehumet (Orc:1)
  Snorg (Lair:5)
  Josephine (Lair:6)
  A fire dragon (Lair:6)
  5 hydras
  A merfolk avatar (Shoals:1)
  A catoblepas (Lair:6)
  4 death yaks
  Erica (Lair:1)
  7 orc high priests (Orc:2)
  Nergalle (Lair:4)
  2 torturous demonspawn (Orc:2)
  2 gelid demonspawn (Orc:2)
  4 orc knights (Orc:2)
  A lindwurm (Lair:6)
  4 harpies (Lair:2)
  6 orc sorcerers
  2 ugly things (D:11)
  A manticore (Lair:2)
  A merfolk siren (Shoals:1)
  Maurice (D:8)
  7 elephants
  3 molten gargoyles (Lair:6)
  Joseph (D:8)
  A rust devil (Orc:2)
  7 black mambas
  6 spiny frogs
  6 komodo dragons
  A torpor snail (Lair:4)
  A rime drake (Lair:2)
  A kobold demonologist (D:7)
  11 ice devils
  A hellwing (Orc:2)
  3 trolls
  A red devil (Orc:2)
  2 hornets
  Prince Ribbit (D:7)
  6 blink frogs
  17 hippogriffs
  Sigmund (D:6)
  4 wraiths (Lair:6)
  4 hogs (D:7)
  A human (D:7)
  19 yaks
  5 wyverns
  6 basilisks
  Eustachio (D:3)
  Grum (D:8)
  3 steam dragons
  3 wargs
  A hungry ghost (D:10)
  4 nagas (Lair:3)
  10 water moccasins
  6 porcupines
  5 hell hounds (Lair:6)
  A black bear (D:9)
  27 orc warriors
  An ice beast (D:9)
  3 sky beasts
  6 phantoms
  A necrophage (D:6)
  10 ogres
  23 wolves
  7 centaurs
  6 crocodiles
  14 big kobolds
  13 bullfrogs
  14 scorpions
  5 killer bees (D:7)
  2 electric eels (Lair:6)
  4 crimson imps
  4 lava snakes (Lair:6)
  6 hounds
  A quasit (D:7)
  2 centaur zombies (Ossuary)
  A jelly (D:9)
  A human zombie (Ossuary)
  26 orc priests
  Crazy Yiuf (D:5)
  4 iguanas
  Ijyb (D:4)
  13 orc wizards
  5 worker ants
  2 big kobold zombies (Ossuary)
  A hound skeleton (D:7)
  3 mummies (Ossuary)
  3 gnolls
  2 howler monkey skeletons
  6 scorpion zombies (Ossuary)
  5 adders
  3 shadow imps
  17 white imps
  3 ufetubi (IceCv)
  An ooze (D:1)
  3 worms
  3 dart slugs (D:1)
  4 leopard geckos
  71 orcs
  15 bats
  7 giant cockroaches
  3 hobgoblins (D:1)
  11 jackals
  2 quokkas
  4 ball pythons
  5 frilled lizards
  A gnoll zombie (Ossuary)
  3 goblins
  2 goblin zombies (Ossuary)
  A jackal skeleton (D:6)
  21 kobolds
  2 kobold zombies (Ossuary)
  2 orc zombies (Ossuary)
  A quokka skeleton (D:7)
  4 rats
616 creatures vanquished.

Vanquished Creatures (others)
  A water moccasin (Lair:1)
  3 white imps (IceCv)
  8 ufetubi (IceCv)
  6 fungi
  6 plants (Lair:6)
  6 withered plants (Orc:1)
30 creatures vanquished.

Grand Total: 646 creatures vanquished

Notes
Turn   | Place    | Note
-------+----------+-------------------------------------------
     0 | D:1      | Kavrick the Formicid Fighter began the quest for the Orb.
     0 | D:1      | Reached XP level 1. HP: 18/18 MP: 1/1
    97 | D:1      | Reached XP level 2. HP: 24/24 MP: 2/2
   398 | D:1      | Reached XP level 3. HP: 18/29 MP: 3/3
  1231 | D:2      | Reached XP level 4. HP: 28/37 MP: 4/4
  1461 | D:2      | Reached skill level 3 in Maces & Flails
  3167 | D:3      | Reached XP level 5. HP: 42/42 MP: 5/5
  3266 | D:3      | Found a glowing golden altar of the Shining One.
  3727 | D:4      | Noticed Eustachio
  4036 | D:3      | Killed Eustachio
  4036 | D:3      | Reached skill level 4 in Maces & Flails
  4036 | D:3      | Reached skill level 1 in Throwing
  4036 | D:3      | Reached XP level 6. HP: 6/49 MP: 6/6
  4653 | D:4      | Noticed Ijyb
  4669 | D:4      | Killed Ijyb
  4761 | D:4      | Reached XP level 7. HP: 39/55 MP: 7/7
  4877 | D:5      | Entered Level 5 of the Dungeon
  4886 | D:5      | Reached skill level 5 in Shields
  5040 | D:5      | Found a runed translucent door.
  5041 | D:5      | Noticed Crazy Yiuf
  5091 | D:5      | Found a staircase to the Ecumenical Temple.
  5100 | Temple   | Entered the Ecumenical Temple
  5194 | Temple   | Became a worshipper of Warmaster Okawaru
  5428 | D:5      | Reached skill level 5 in Maces & Flails
  5434 | D:5      | Found a shadowy altar of Dithmenos.
  5435 | D:5      | Found a white marble altar of Elyvilon.
  5461 | D:5      | Found a glowing drain.
  5477 | D:5      | Reached skill level 5 in Fighting
  5481 | Sewer    | Entered a sewer
  6064 | D:5      | Killed Crazy Yiuf
  6135 | D:6      | Reached skill level 5 in Armour
  6135 | D:6      | Reached XP level 8. HP: 61/62 MP: 8/8
  6321 | D:6      | Noticed Sigmund
  6337 | D:6      | Killed Sigmund
  6337 | D:6      | Reached * piety under Okawaru
  6345 | D:6      | Found a glowing silver altar of Zin.
  6520 | D:6      | Reached skill level 1 in Invocations
  6743 | D:6      | Reached skill level 6 in Maces & Flails
  7049 | D:7      | Reached XP level 9. HP: 57/68 MP: 10/10
  7281 | D:7      | Reached ** piety under Okawaru
  7655 | D:7      | Reached skill level 7 in Maces & Flails
  7845 | D:7      | Noticed Prince Ribbit
  7894 | D:7      | Killed Prince Ribbit
  7948 | D:7      | Found a hazy altar of Hepliaklqana.
  8008 | D:7      | Found a snail-covered altar of Cheibriados.
  8011 | D:7      | Found a bloodstained altar of Trog.
  8097 | D:7      | Reached *** piety under Okawaru
  8097 | D:7      | Reached XP level 10. HP: 73/76 MP: 12/12
  8182 | D:7      | Reached skill level 8 in Maces & Flails
  8234 | D:8      | Noticed Grum
  8250 | D:8      | Reached skill level 5 in Throwing
  8273 | D:8      | Killed Grum
  8273 | D:8      | Reached **** piety under Okawaru
  8483 | D:8      | Noticed Joseph
  8517 | D:8      | Killed Joseph
  8570 | D:8      | Noticed Maurice
  8585 | D:8      | Killed Maurice
  8585 | D:8      | Reached skill level 5 in Invocations
  8656 | D:8      | Found a sand-covered staircase.
  8691 | Ossuary  | Entered an ossuary
  9366 | D:8      | Noticed a kobold demonologist
  9391 | D:7      | Noticed a sixfirhy
  9397 | D:7      | Noticed a smoke demon
  9405 | D:7      | Killed a kobold demonologist
  9405 | D:7      | Reached ***** piety under Okawaru
  9405 | D:7      | Reached XP level 11. HP: 38/84 MP: 15/15
  9625 | D:8      | Reached skill level 9 in Maces & Flails
  9750 | D:8      | Received a gift from Okawaru
 10389 | D:9      | Found Ycauzyecsu's General Store.
 10645 | D:10     | Entered Level 10 of the Dungeon
 10741 | D:10     | Noticed Gastronok
 10776 | D:10     | Killed Gastronok
 10776 | D:10     | Reached skill level 10 in Maces & Flails
 11063 | D:10     | Found a staircase to the Lair.
 11063 | D:10     | Noticed an elephant
 11083 | D:10     | Killed an elephant
 11083 | D:10     | Received a gift from Okawaru
 11307 | D:10     | Reached XP level 12. HP: 81/94 MP: 17/17
 11352 | D:10     | Got a jewelled cloak
 11363 | D:10     | Identified the +2 cloak of Cycw {+Inv rC- rCorr Int-4} (You
                  | found it on level 10 of the Dungeon)
 11603 | D:10     | Found a stormy altar of Qazlal.
 11628 | D:10     | Found a staircase to the Orcish Mines.
 11718 | D:10     | Found a roughly hewn altar of Beogh.
 12395 | D:11     | Reached ****** piety under Okawaru
 13138 | D:11     | Received a gift from Okawaru
 13534 | Lair:1   | Entered Level 1 of the Lair of Beasts
 13556 | Lair:1   | Reached skill level 11 in Maces & Flails
 13619 | Lair:1   | Found a gate leading to a gauntlet.
 13718 | Lair:1   | Noticed Erica
 13739 | Lair:1   | Killed Erica
 13739 | Lair:1   | Received a gift from Okawaru
 13739 | Lair:1   | Reached skill level 10 in Shields
 14680 | Lair:2   | Reached XP level 13. HP: 58/101 MP: 17/19
 15037 | Lair:2   | Received a gift from Okawaru
 15195 | Lair:2   | Noticed a six-headed hydra
 15213 | Lair:2   | Killed a six-headed hydra
 15424 | Lair:2   | Found a staircase to the Shoals.
 15434 | Lair:2   | Reached skill level 10 in Armour
 15570 | Lair:2   | Reached skill level 12 in Maces & Flails
 16084 | Lair:3   | Reached skill level 10 in Fighting
 16553 | Lair:3   | Received a gift from Okawaru
 16584 | Lair:3   | Noticed a seven-headed hydra
 16593 | Lair:3   | Killed a seven-headed hydra
 16654 | Lair:3   | Found a staircase to the Snake Pit.
 16748 | Lair:3   | Received a gift from Okawaru
 16787 | Lair:3   | Found a frozen archway.
 16818 | IceCv    | Entered an ice cave
 18167 | IceCv    | Noticed a reaper
 18187 | IceCv    | Killed a reaper
 18187 | IceCv    | Received a gift from Okawaru
 18187 | IceCv    | Reached skill level 1 in Dodging
 18226 | IceCv    | Got an ebony demon blade
 18227 | IceCv    | Identified the +1 demon blade of Muijeb {venom, MR+} (You
                  | found it in an ice cave)
 19640 | Lair:3   | Reached XP level 14. HP: 80/111 MP: 19/21
 19656 | Lair:4   | Received a gift from Okawaru
 19717 | Lair:4   | Received a gift from Okawaru
 20183 | Lair:4   | Noticed Nergalle
 20205 | Lair:4   | Killed Nergalle
 20205 | Lair:4   | Reached skill level 13 in Maces & Flails
 20205 | Lair:4   | Reached skill level 10 in Invocations
 20369 | Lair:4   | Found a shimmering altar of Xom.
 20638 | Lair:5   | Noticed Snorg
 20661 | Lair:5   | Killed Snorg
 20711 | Lair:5   | Received a gift from Okawaru
 20943 | Lair:5   | Identified a scroll of acquirement
 21272 | Lair:6   | Entered Level 6 of the Lair of Beasts
 21573 | Lair:6   | Received a gift from Okawaru
 21765 | Lair:6   | Found a staircase to the Slime Pits.
 21916 | Lair:6   | Noticed Josephine
 21933 | Lair:6   | Received a gift from Okawaru
 21942 | Lair:6   | Killed Josephine
 22838 | Lair:6   | Found a large runed translucent door.
 22839 | Lair:6   | Found a large runed translucent door.
 23324 | Orc:1    | Entered Level 1 of the Orcish Mines
 23565 | Orc:1    | Found a runed translucent gate.
 23566 | Orc:1    | Found a runed translucent gate.
 23567 | Orc:1    | Found a runed translucent gate.
 23574 | Orc:1    | Noticed feelmyfire's ghost (adept HaGl)
 23574 | Orc:1    | Noticed Cohott's ghost (journeyman GnEE)
 23676 | Orc:1    | Reached XP level 15. HP: 115/119 MP: 19/22
 23693 | Orc:1    | Reached skill level 14 in Maces & Flails
 23734 | Orc:1    | Noticed an orc warlord
 23734 | Orc:1    | Noticed a stone giant
 23807 | D:10     | Killed a stone giant
 23826 | Orc:1    | Killed an orc warlord
 24486 | Orc:2    | Entered Level 2 of the Orcish Mines
 24755 | Orc:2    | Found Nupejaut's General Store.
 24785 | Orc:2    | Found Zyrroon's Food Emporium.
 24863 | Orc:2    | Received a gift from Okawaru
 25002 | Orc:2    | Found a staircase to the Elven Halls.
 25340 | Orc:2    | Reached skill level 5 in Dodging
 25356 | Orc:2    | Gained mutation: You occasionally shout uncontrollably at
                  | your foes. [a neqoxec]
 26181 | Orc:2    | Found Efegum's Antique Armour Boutique.
 26181 | Orc:2    | Found Seutel's Book Shop.
 26181 | Orc:2    | Found a one-way gate leading to the halls of Pandemonium.
 26199 | Orc:2    | Bought a pair of runed boots for 225 gold pieces
 26204 | Orc:2    | Identified a +2 pair of boots of running (You bought it in
                  | a shop on level 2 of the Orcish Mines)
 26400 | Orc:1    | HP: 3/120 [feelmyfire's ghost (9)]
 26411 | Orc:1    | Killed feelmyfire's ghost
 26438 | Orc:1    | Killed Cohott's ghost
 26741 | Shoals:1 | Entered Level 1 of the Shoals
 26763 | Lair:2   | Received a gift from Okawaru
 26892 | Shoals:1 | Found a large runed translucent door.
 26892 | Shoals:1 | Found a large runed translucent door.
 26894 | Shoals:1 | Received a gift from Okawaru
 26899 | Shoals:1 | Found a transporter.
 26907 | Shoals:1 | Found a transporter.
 26922 | Shoals:1 | HP: 5/121 [water nymph/the raging water (5)]
 26923 | Shoals:1 | Slain by a harpy

Levels and vault maps discovered:
D:1:      dpeg_arrival_circle_labyrinth_a, layout_basic, hangedman_decor_points
D:2:      layout_basic
D:3:      layout_loops_corners, minivault_14, tso_altar
D:4:      layout_basic, uniq_eustachio, uniq_ijyb
D:5:      layout_gridville, nicolae_overflow_hidden_temple,
          lemuel_temple_firewalk_a, first_ration, cheibrodos_sewer_entry_drain,
          uniq_crazy_yiuf_cottage
D:6:      layout_basic, basic_altar, uniq_sigmund
D:7:      layout_rooms, grunt_temple_overflow_diamond, serial_corexii_hall,
          corexii_hall_statues_l, corexii_hall_statues_x, grunt_livestock,
          uniq_prince_ribbit1
D:8:      layout_basic, nicolae_ossuary_entry_false_entrances, serial_rivers,
          chequers_serial_rivers_micro_c, chequers_serial_rivers_micro_d,
          chequers_serial_rivers_large_a, chequers_serial_rivers_marsh,
          chequers_serial_rivers_room_b, chequers_serial_rivers_small_b,
          special_room [special_room_kobold], minmay_misc_feat_doors,
          uniq_joseph, uniq_maurice, uniq_grum
D:9:      layout_gridville, serial_shops, shop, minmay_between
D:10:     layout_basic, david_lair_generic, minmay_orc_entry_temple_small,
          nicolae_qazlal_eye_of_the_storm, uniq_gastronok
D:11:     layout_cave_pools
D:12:     layout_rooms, serial_shops, shop, uniq_fannar, uniq_nessos,
          uniq_azrael
Temple:   minmay_temple_bridge_d
Lair:1:   layout_roguey, gauntlet_entry_generic, chequers_serial_rivers_room_a,
          serial_bayou_shore_b, uniq_erica
Lair:2:   beast_lair_carwin_large_4, layout_cave_pods,
          minmay_shoals_entry_beasts, grunt_forest_small_clearing_treed
Lair:3:   layout_regular_city, guppyfry_snake_entry_garden,
          portal_ice_cave_entry_imps
Lair:4:   layout_long_grid, lemuel_centaur_altar, uniq_nergalle
Lair:5:   layout_misc_corridors, lemuel_fruit_tree, lemuel_fruit_fields,
          serial_bayou_shore_b, uniq_snorg
Lair:6:   cheibrodos_lair_end_hotspot, layout_loops_ring, slime_dummy,
          serial_bayou_ford_a, patterned_corridor, uniq_josephine
Shoals:1: gammafunk_the_bubble [the_bubble_gammafunk_roulette], layout_shoals,
          ebering_ghost_disaster_area
Orc:1:    layout_caves, gammafunk_ghost_cemetery
Orc:2:    pf_orc_diabolical, layout_caves

Skill      XL: |  1  2  3  4  5  6  7  8  9 10 11 12 13 14 15 |
---------------+----------------------------------------------+-----
Shields        | 4 5 6 7 8 9 10 11 12 13 | 13.1
Maces & Flails | 3 4 5 6 7 8 10 11 12 13 14 | 14.9
Fighting       | 4 5 6 7 8 9 10 11 12 | 12.2
Armour         | 4 5 6 7 8 9 10 11 12 | 12.2
Throwing       | 1 2 3 4 5 6 |  6.0
Invocations    | 1 3 5 7 8 9 10 | 10.0
Dodging        | 2 4 5 |  5.8

Action                   |  1- 3 |  4- 6 |  7- 9 | 10-12 | 13-15 || total
-------------------------+-------+-------+-------+-------+-------++-------
Melee: Flail             |   124 |   160 |   353 |   849 |       ||  1486
       Great mace        |       |       |       |   183 |  1031 ||  1214
Throw: Dart              |       |     4 |    20 |    60 |       ||    84
       Javelin           |       |       |       |       |   123 ||   123
Invok: Heroism           |       |       |       |     6 |    27 ||    33
       Finesse           |       |       |       |       |    10 ||    10
  Use: Potion            |       |     1 |       |     2 |    10 ||    13
       Scroll            |       |       |    14 |       |    13 ||    27
  Eat: Chunk             |     1 |     5 |     8 |    17 |    33 ||    64
       Ration            |       |     2 |     1 |     2 |     2 ||     7
Armor: Scale mail        |    56 |    87 |     5 |       |       ||   148
       Plate armour      |       |       |   187 |   363 |    98 ||   648
       Pearl dragon scal |       |       |       |   143 |   348 ||   491
Dodge: Dodged            |    43 |    80 |    86 |   229 |   320 ||   758
       Deflected         |       |       |       |       |    10 ||    10
Block: Shield            |    82 |    80 |   198 |   265 |       ||   625
       Large shield      |       |       |       |   598 |  1213 ||  1811

Table legend:
 A = Non-vault XP
 B = Vault XP
 C = Vault XP percentage of total XP
 D = Non-vault monster count
 E = Vault monster count
 F = Vault count percentage of total count
                 A         B        C        D         E       F
            +---------+---------+-------+---------+---------+-------
      Total |   49300 |   53942 |  52.2 |     351 |     265 |  43.0
            +---------+---------+-------+---------+---------+-------
        D:1 |      61 |       0 |   0.0 |      30 |       0 |   0.0
        D:2 |      28 |       0 |   0.0 |       9 |       0 |   0.0
        D:3 |      82 |     188 |  69.6 |      14 |       1 |   6.7
        D:4 |     168 |      36 |  17.6 |       9 |       1 |  10.0
        D:5 |     358 |      45 |  11.2 |       9 |       3 |  25.0
        D:6 |     512 |     231 |  31.1 |      11 |       1 |   8.3
        D:7 |    1789 |    1722 |  49.0 |      41 |       8 |  16.3
        D:8 |     325 |    2671 |  89.2 |       4 |      28 |  87.5
        D:9 |    1361 |     838 |  38.1 |      16 |       6 |  27.3
       D:10 |    3332 |    3895 |  53.9 |      19 |      13 |  40.6
       D:11 |    3611 |       0 |   0.0 |      31 |       0 |   0.0
       D:12 |       1 |       0 |   0.0 |       1 |       0 |   0.0
     Lair:1 |    3086 |    1008 |  24.6 |      19 |       2 |   9.5
     Lair:2 |    8223 |    2211 |  21.2 |      27 |      16 |  37.2
     Lair:3 |    6896 |     760 |   9.9 |      24 |      16 |  40.0
     Lair:4 |    3797 |    1231 |  24.5 |      13 |       5 |  27.8
     Lair:5 |    3761 |    1106 |  22.7 |       9 |       1 |  10.0
     Lair:6 |    5553 |   11474 |  67.4 |      15 |      34 |  69.4
   Shoals:1 |    1446 |       0 |   0.0 |       2 |       0 |   0.0
      Orc:1 |    3321 |    3120 |  48.4 |      31 |       3 |   8.8
      Orc:2 |    1589 |   17591 |  91.7 |      17 |      62 |  78.5
      Sewer |       0 |      27 | 100.0 |       0 |      16 | 100.0
    Ossuary |       0 |     889 | 100.0 |       0 |      30 | 100.0
      IceCv |       0 |    4899 | 100.0 |       0 |      19 | 100.0
            +---------+---------+-------+---------+---------+-------
